 Dungeon Crawl Stone Soup version 0.31.0-32-g396128a36d (webtiles) character file.

Game seed: 11354946008211771007

2282 Gadfly the Unflinching (level 9, -4/54 HPs)
             Began as a Gargoyle Fighter on Mar 8, 2024.
             Was a Believer of the Shining One.
             Slain by an orc knight
             ... wielding a +0 glaive
              (14 damage)
             ... in a bailey on Mar 9, 2024.
             The game lasted 00:11:18 (5200 turns).

Gadfly the Unflinching (Gargoyle Fighter)           Turns: 5200, Time: 00:11:18

Health: -4/54      AC: 19    Str: 21    XL:     9   Next: 39%
Magic:  0/13       EV:  8    Int: 10    God:    the Shining One [**....]
Gold:   322        SH:  6    Dex: 11    Spells: 8/8 levels left

rFire   . . .        a - +6 shillelagh "Devastator" {shatter}
rCold   . . .        c - +1 buckler
rNeg    + + .        o - +0 chain mail
rPois   ∞            (no helmet)
rElec   +            (no cloak)
rCorr   .            q - +0 pair of gloves
SInv    .            g - +1 pair of boots {rampage}
Will    .....        i - amulet of guardian spirit Stlth
                     (no ring)
HPRegen 0.29/turn    (no ring)
MPRegen 0.13/turn

%: guardian spirit, rampage
@: glowing
A: sickness immunity, AC +6, negative energy resistance 1, electricity
resistance, torment resistance 1, petrification resistance
a: Renounce Religion, Divine Shield


You were in a bailey.
You worshipped the Shining One.
The Shining One was pleased with you.
You visited 1 branch of the dungeon, and saw 7 of its levels.
You also visited: Ossuary and Bailey.

You collected 322 gold pieces.

Inventory:

Hand Weapons
 a - the +6 shillelagh "Devastator" (weapon) {shatter}
   (You found it on level 3 of the Dungeon)
 b - a +1 heavy flail
Armour
 c - a +1 buckler (worn)
 g - a +1 pair of boots of rampaging (worn)
 o - a +0 chain mail (worn)
 p - an orb of light
 q - a +0 pair of gloves (worn)
Jewellery
 i - an amulet of guardian spirit (around neck)
Wands
 h - a wand of roots (5)
 A - a wand of charming (2) (quivered)
Scrolls
 k - 4 scrolls of teleportation
 n - a scroll of revelation
 r - a scroll of fear
 u - a scroll of fog
 y - a scroll of enchant weapon
Potions
 d - a potion of might
 e - 2 potions of attraction
 f - 2 potions of curing
 j - a potion of heal wounds {unknown}
 l - 2 potions of magic {unknown}
 s - 2 potions of cancellation {unknown}
 t - a potion of lignification
 w - a potion of resistance {unknown}
 x - 2 potions of ambrosia {unknown}


   Skills:
 + Level 5.5 Fighting
 * Level 6.0 Maces & Flails
 + Level 5.4 Armour
 + Level 5.5 Shields
 * Level 6.1 Invocations
 * Level 5.0 Evocations


You had 8 spell levels left.
You didn't know any spells.
Your spell library contained the following spells:

 Spells                   Type           Power      Damage    Failure   Level
 Apportation              Tloc           0%         N/A       96%         1
 Slow                     Hex            0%         N/A       96%         1
 Jinxbite                 Hex            0%         N/A       99%         2
 Lesser Beckoning         Tloc           0%         N/A       99%         2
 Confusing Touch          Hex            0%         N/A       100%        3
 Gell's Gravitas          Tloc           0%         N/A       100%        3
 Sigil of Binding         Hex            0%         N/A       100%        3
 Teleport Other           Tloc           0%         N/A       100%        3
 Vampiric Draining        Necr           0%         2d6       100%        3
 Alistair's Intoxication  Alch           0%         N/A       100%        5


Dungeon Overview and Level Annotations

Branches:
Dungeon (7/15)             Temple (0/1) D:5         Ossuary (visited)
 Bailey (1/1)

Altars:
Elyvilon
Gozag
Hepliaklqana
Qazlal
Yredelemnul
Zin
The Shining One

Annotations:
Bailey 2 runed translucent doors


Innate Abilities, Weirdness & Mutations

You are immune to sickness and miasma.
Your stone body is resilient. (AC +6)
You are immune to poison.
You resist negative energy. (rN+)
You are resistant to electric shocks. (rElec)
You are resistant to unholy torment.
You are immune to petrification.


Message History

The grasping roots constrict the orc knight.
The deep elf pyromancer shouts!
The orc knight escapes!
You rampage towards the orc knight!
Found nine items.
You hit the orc knight.
The orc knight shudders.
The orc knight is lightly wounded.
The orc knight hits you with a +0 glaive.
You hit the orc knight but do no damage.
The orc knight is lightly wounded.
The orc knight hits you with a +0 glaive!!
You hit the orc knight but do no damage.
The orc knight is lightly wounded.
The orc knight hits you but does no damage. x2
You hit the orc knight but do no damage.
The orc knight is lightly wounded.
The orc knight hits you with a +0 glaive!
You are too injured to fight recklessly!
Unknown command.
You hit the orc knight but do no damage.
The orc knight is lightly wounded.
The orc knight hits you with a +0 glaive.
You barely miss the orc knight.
The orc knight is lightly wounded.
The orc knight hits you but does no damage.
Unknown command.
You hit the orc knight.
The orc knight shudders.
The orc knight is moderately wounded. x2
The orc knight barely misses you.
Unknown command.
You hit the orc knight.
The orc knight shudders.
The orc knight is moderately wounded.
The orc knight hits you with a +0 glaive!
* * * LOW HITPOINT WARNING * * *
Unknown command.
The orc knight hits you from afar with a +0 glaive.
* * * LOW HITPOINT WARNING * * *
Okay, then.
The orc knight attacks as it pursues you!
The orc knight hits you from afar with a +0 glaive!
You die...

≈...#....#...♣♣♣♣
...........♣....♣#
.................#
##........####..#
.####''####.$#.##
.........)))..###
#...8....8.).##
#..########))# #.
#?![| #@)# #
$!:?$:#..# #..#o.#
#..#..# ......#..#
#....##..# ##++#
#..# 8... ...#
.... ....


You could see an orc knight.

Vanquished Creatures
  A wyvern (D:7)
  Menkaure (D:6)
  A water moccasin (D:6)
  An ice beast (D:4)
  2 orc warriors (Bailey)
  An ogre (D:5)
  2 black bears
  2 phantoms
  A kobold brigand (D:6)
  A bullfrog (D:6)
  2 scorpions
  4 howler monkeys
  2 centaur zombies (Ossuary)
  3 hounds
  An orc priest (D:6)
  4 bombardier beetles
  2 jellies
  3 iguanas
  2 orc wizards
  4 crocodile zombies (Ossuary)
  3 mummies (Ossuary)
  4 gnolls (D:6)
  3 adders
  A white imp (D:7)
  3 ribbon worms
  2 dart slugs (D:4)
  26 orcs
  7 ball pythons
  2 bats
  12 endoplasms
  A giant cockroach (D:2)
  2 gnoll zombies (Ossuary)
  8 goblins
  6 hobgoblins
  6 jackals (D:2)
  10 kobolds
  2 quokkas
  A frilled lizard (D:1)
  A kobold zombie (Ossuary)
  6 rats
  A butterfly (D:5)
147 creatures vanquished.

Notes
Turn   | Place    | Note
-------+----------+-------------------------------------------
     0 | D:1      | Gadfly the Gargoyle Fighter began the quest for the Orb.
     0 | D:1      | Reached XP level 1. HP: 14/14 MP: 1/1
   374 | D:1      | Reached XP level 2. HP: 17/19 MP: 2/2
   848 | D:2      | Reached skill level 1 in Invocations
   862 | D:2      | Reached XP level 3. HP: 21/23 MP: 3/3
   988 | D:2      | Reached skill level 1 in Evocations
  1012 | D:2      | Found a white marble altar of Elyvilon.
  1033 | D:2      | Became a worshipper of Elyvilon the Healer
  1144 | D:2      | Reached XP level 4. HP: 28/28 MP: 5/5
  1635 | D:3      | Reached XP level 5. HP: 33/33 MP: 6/6
  1802 | D:3      | Found the +6 shillelagh "Devastator" {shatter}
  1812 | D:3      | Found a faded altar of an unknown god.
  1878 | D:3      | Reached * piety under Elyvilon
  2048 | D:4      | Reached XP level 6. HP: 38/38 MP: 7/7
  2196 | D:4      | Found a glowing silver altar of Zin.
  2314 | D:4      | Noticed an ice beast
  2321 | D:4      | Killed an ice beast
  2378 | D:4      | Reached XP level 7. HP: 43/43 MP: 9/9
  2434 | D:4      | Reached ** piety under Elyvilon
  2863 | D:5      | Entered Level 5 of the Dungeon
  2970 | D:5      | Found an opulent altar of Gozag.
  3063 | D:5      | Found a sand-covered staircase.
  3072 | Ossuary  | Entered an ossuary
  3072 | Ossuary  | Reached *** piety under Elyvilon
  3245 | D:5      | Found a basalt altar of Yredelemnul.
  3346 | D:5      | Found a stormy altar of Qazlal.
  3352 | D:5      | Found a white marble altar of Elyvilon.
  3513 | D:5      | Reached XP level 8. HP: 48/48 MP: 11/11
  3523 | D:5      | Found a staircase to the Ecumenical Temple.
  4006 | D:6      | Found a glowing golden altar of the Shining One.
  4069 | D:6      | Found a hazy altar of Hepliaklqana.
  4085 | D:6      | Reached skill level 5 in Maces & Flails
  4143 | D:6      | Reached skill level 5 in Shields
  4143 | D:6      | Reached skill level 5 in Invocations
  4174 | D:6      | Reached **** piety under Elyvilon
  4220 | D:6      | Noticed Menkaure
  4227 | D:6      | Killed Menkaure
  4228 | D:6      | Reached skill level 5 in Fighting
  4228 | D:6      | Reached skill level 5 in Armour
  4534 | D:6      | Identified the +4 flail of Etruch {vamp, Fly}
  4877 | D:6      | Fell from the grace of Elyvilon
  4877 | D:6      | Became a worshipper of the Shining One
  4877 | D:6      | Reached * piety under the Shining One
  4877 | D:6      | Reached ** piety under the Shining One
  4900 | D:7      | Noticed a cyclops
  4909 | D:7      | Noticed a wyvern
  4911 | D:7      | Reached XP level 9. HP: 22/54 MP: 6/13
  4967 | D:7      | Found a flagged portal.
  4980 | Bailey   | Entered a bailey
  5116 | Bailey   | Found a large runed translucent door.
  5116 | Bailey   | Found a large runed translucent door.
  5118 | Bailey   | Noticed an orc knight
  5135 | Bailey   | Reached skill level 5 in Evocations
  5190 | Bailey   | Noticed a deep elf pyromancer
  5200 | Bailey   | Slain by an orc knight

Illustrated notes

Levels and vault maps discovered:
D:1:      nzn_arrival_crosshair, layout_loops_ring
D:2:      layout_rooms, basic_altar, minmay_splitting_lines
D:3:      layout_basic, hellmonk_ecumenical_altar_heavens_door,
          minmay_pentomino_pile
D:4:      layout_gridville, zin_statuary, minivault_19,
          minmay_fractal_squares_gapless_5
D:5:      layout_loops_corners, mainiacjoe_overflow_chevrons,
          mainiacjoe_overflow_brackets, mainiacjoe_overflow_24_doors,
          elyvilon_altar_5, minmay_temple_entry_butterflies,
          chequers_ossuary_entry_cave
D:6:      layout_loops_corners, mainiacjoe_overflow_cross_hatched,
          mainiacjoe_overflow_catwalk, uniq_menkaure
D:7:      layout_basic, nicolae_overflow_squiral, enter_bailey_8
Bailey:   bailey_polearm_elven_captive_hellmonk, bailey

Skill      XL: |  1  2  3  4  5  6  7  8  9 |
---------------+----------------------------+-----
Invocations    | 1 2 3 4 5 6 |  6.1
Evocations     | 1 2 3 4 5 |  5.0
Maces & Flails | 3 4 5 6 |  6.0
Shields        | 4 5 |  5.5
Fighting       | 4 5 |  5.5
Armour         | 4 5 |  5.4

Action                     |  1- 3 |  4- 6 |  7- 9 || total
---------------------------+-------+-------+-------++-------
  Melee: Flail             |   138 |    44 |       ||   182
         Shillelagh        |       |    29 |   150 ||   179
   Fire: Sling             |       |    11 |       ||    11
  Evoke: Wand              |       |       |     1 ||     1
    Use: Scroll            |     8 |     2 |    10 ||    20
         Potion            |     1 |       |       ||     1
 Armour: Scale mail        |   116 |    24 |       ||   140
         Chain mail        |       |    24 |   103 ||   127
  Dodge: Dodged            |    90 |    42 |    50 ||   182
  Block: Buckler           |    30 |    22 |    49 ||   101
